 Dungeon Crawl Stone Soup version 0.20-a0-77-g476458c (webtiles) character file.

70 KristoblXynda the Charmwright (level 4, -8/36 HPs)
             Began as a Draconian Skald on Nov 19, 2016.
             Mangled by Crazy Yiuf
             ... wielding a +3 quarterstaff of chaos
              (10 damage)
             ... on level 2 of the Dungeon.
             The game lasted 00:03:17 (1865 turns).

KristoblXynda the Charmwright (Draconian Skald)     Turns: 1865, Time: 00:03:18

Health: -8/36      AC:  6    Str: 14    XL:     4   Next: 3%
Magic:  7/7        EV: 12    Int: 14    God:
Gold:   54         SH:  0    Dex: 10    Spells: 2 memorised, 1 level left

rFire  . . .     SeeInvis .     a - +0 hand axe
rCold  . . .     Gourm    +     (armour unavailable)
rNeg   . . .     Faith    .     (no shield)
rPois  .         Spirit   .     (helmet restricted)
rElec  .         Reflect  .     g - +0 cloak
rCorr  .         Harm     .     (no gloves)
MR     .....                    (no boots)
Stlth  ..........               j - amulet of the gourmand
                                (no ring)
                                f - ring of loudness (curse)

@: lethally poisoned (-8 -> -19)
A: unfitting armour, cold-blooded, AC +5
a: no special abilities


You were on level 2 of the Dungeon.
You were completely stuffed.

You visited 1 branch of the dungeon, and saw 2 of its levels.

You collected 54 gold pieces.

Inventory:

Hand Weapons
 a - a +0 hand axe (weapon)
Missiles
 r - 8 javelins (quivered)
Armour
 g - a +0 cloak (worn)
Jewellery
 f - a cursed ring of loudness (left hand)
 j - an amulet of the gourmand (around neck)
Scrolls
 d - 4 scrolls of teleportation
Books
 b - a book of Battle

   Spells                             Type                      Level
   a - Infusion                       Charms                       1
   b - Shroud of Golubria             Charms/Translocation         2
   c - Song of Slaying                Charms                       2
   d - Spectral Weapon                Hexes/Charms                 3
   e - Regeneration                   Charms/Necromancy            3
Comestibles
 c - a bread ration
 h - a slice of pizza
 k - a meat ration
 m - a beef jerky
 n - 3 fruits


   Skills:
 - Level 2.1 Fighting
 + Level 2.9 Axes
 + Level 2.5 Dodging
 - Level 2.0 Spellcasting
 + Level 3.3 Charms


You had one spell level left.
You knew the following spells:

 Your Spells              Type           Power        Failure   Level  Hunger
a - Regeneration          Chrm/Necr      #.........   38%         3    ####...
b - Spectral Weapon       Hex/Chrm       #.......     38%         3    ####...


Dungeon Overview and Level Annotations

Branches:
Dungeon (2/15)

Altars:

Annotations:
D:2 Crazy Yiuf


Innate Abilities, Weirdness & Mutations

Your plain brown scales are hard. (AC +5)
You cannot fit into any form of body armour.
You are cold-blooded and may be slowed by cold attacks.


Message History

Crazy Yiuf is moderately wounded.
Crazy Yiuf barely misses you.
You hit Crazy Yiuf but do no damage.
Crazy Yiuf is moderately wounded.
Crazy Yiuf laughs, "Announcement!
Lugonu testudinal bag."
Crazy Yiuf closely misses you.
You hit Crazy Yiuf.
Crazy Yiuf is moderately wounded.
Crazy Yiuf barely misses you.
You hit Crazy Yiuf.
Crazy Yiuf is heavily wounded.
Crazy Yiuf hits you with a quarterstaff of chaos!
* * * LOW HITPOINT WARNING * * *
You are lethally poisoned!
You feel magically purged.
* * * LOW HITPOINT WARNING * * *
You feel sick.
Crazy Yiuf yells, "Scoff high disdain!"
Crazy Yiuf hits you with a quarterstaff of chaos!
You die...

#..)# *,,,,**,***
#...# *,,,,**,*,,
#...# *,,,,,*,*,,
*#'#* *,,,***,*,,
♣♣.♣ *,,,* *,*,,
♣.♣♣ *+*****,*,*
♣♣.♣ *,#.,,,,,,,
♣g♣♣ *,#.###.#,*
♣♣@♣♣ *,#...#.#.#
♣...♣♣ *,#>.......
♣....♣ *,#.....###
#+..+# #+#..####
#....####....[#.#
#
##.........#..#.#
#
##.#.........÷.###
#........###.....
###.!....# #...##


You could see Crazy Yiuf.

Vanquished Creatures
  2 adders (D:2)
  2 oozes
  4 leopard geckos
  2 giant cockroaches
  6 goblins
  3 jackals (D:2)
  4 kobolds
  2 ball pythons
  6 bats
  4 frilled lizards
  6 rats
  A plant (D:1)
42 creatures vanquished.

Notes
Turn   | Place    | Note
-------+----------+-------------------------------------------
     0 | D:1      | KristoblXynda the Draconian Skald began the quest for the Orb.
     0 | D:1      | Reached XP level 1. HP: 17/17 MP: 3/3
   391 | D:1      | Reached skill level 3 in Charms
   393 | D:1      | Reached XP level 2. HP: 24/24 MP: 5/5
   689 | D:1      | Reached XP level 3. HP: 21/29 MP: 6/6
  1803 | D:2      | Reached XP level 4. HP: 33/36 MP: 7/7
  1811 | D:2      | Learned a level 3 spell: Regeneration
  1815 | D:2      | Learned a level 3 spell: Spectral Weapon
  1843 | D:2      | Found a runed door.
  1847 | D:2      | Noticed Crazy Yiuf
  1865 | D:2      | Mangled by Crazy Yiuf

Vault maps used:
D:1:      onia_arrival_mini_maze_b
D:2:      serial_bayou_ford_a, uniq_crazy_yiuf_cottage, uniq_terence

Skill      XL: |  1  2 |
---------------+-------+-----
Charms         | 3 |  3.3
Dodging        | 2 |  2.5
Fighting       | |  2.1
Axes           | |  2.9
Spellcasting   | |  2.0

Action                   |  1- 3 |  4- 6 || total
-------------------------+-------+-------++-------
Melee: Hand axe          |   165 |     6 ||   171
       Tailslap          |    19 |       ||    19
  Use: Scroll            |     7 |       ||     7
       Potion            |     1 |     4 ||     5
 Stab: Sleeping          |     1 |       ||     1
  Eat: Chunk             |    13 |     1 ||    14
Armor: Skin              |    51 |       ||    51
Dodge: Dodged            |   120 |     4 ||   124
